 Dungeon Crawl Stone Soup version 0.25-a0-1133-g93ebf739aa (webtiles) character file.

Game seed: 8359892587521750775, levelgen mode: deterministic

108 vurker the Charlatan (level 5, -25/38 HPs)
             Began as a Human Artificer on May 21, 2020.
             Was a Follower of Ru.
             Killed from afar by Maggie (29 damage)
             ... with a bolt of fire
             ... on level 6 of the Dungeon.
             The game lasted 00:04:28 (2861 turns).

vurker the Charlatan (Human Artificer)              Turns: 2861, Time: 00:04:29

Health: -25/38     AC:  4    Str: 13    XL:     5   Next: 12%
Magic:  7/7        EV: 13    Int: 11    God:    Ru [*.....]
Gold:   212        SH:  0    Dex: 14    Spells: 4/4 levels left

rFire    . . .     SeeInvis .   p - +3 quarterstaff (chaos)
rCold    . . .     Gourm    .   (shield currently unavailable)
rNeg     . . .     Faith    .   b - +0 leather armour
rPois    +         Spirit   .   (no helmet)
rElec    .         Reflect  .   c - +0 cloak {rPois}
rCorr    .         Harm     .   (no gloves)
MR       .....                  (no boots)
Stlth    +.........             (no amulet)
HPRegen  0.12/turn              (no ring)
MPRegen  0.10/turn              (no ring)

@: mesmerised, hasted, very quick
A: hated by all
a: Renounce Religion


You were on level 6 of the Dungeon.
You worshipped Ru.
Ru was aware of your devotion.
You were not hungry.

You visited 1 branch of the dungeon, and saw 4 of its levels.

You collected 212 gold pieces.

Inventory:

Hand Weapons
 a - a +0 short sword
 p - a +3 quarterstaff of chaos (weapon)
   (You took it off Crazy Yiuf on level 2 of the Dungeon)
Armour
 b - a +0 leather armour (worn)
 c - a +0 cloak of poison resistance (worn)
   (You took it off Crazy Yiuf on level 2 of the Dungeon)
Wands
 d - a wand of enslavement (15)
 f - a wand of random effects (10)
 r - a wand of clouds (5)
   (You found it on level 3 of the Dungeon)
 t - a wand of flame (15)
Scrolls
 k - a scroll of amnesia {unknown}
 l - a scroll of identify
 m - 2 scrolls of remove curse
 n - a scroll of magic mapping {unknown}
 s - a scroll of enchant weapon {unknown}
Potions
 g - 5 potions of curing
 h - a potion of haste
 i - a potion of flight {unknown}
 j - 2 potions of mutation
 o - a potion of lignification {unknown}
 u - a potion of brilliance {unknown}
Comestibles
 e - 5 rations
 q - 4 chunks of flesh


   Skills:
 + Level 2.0 Fighting
 - Level 1.0 Short Blades
 + Level 1.6 Armour
 * Level 3.1 Dodging
 - Level 1.0 Stealth
 * Level 3.9 Evocations


You had 4 spell levels left.
You didn't know any spells.
Your spell library was empty.

Dungeon Overview and Level Annotations

Branches:
Dungeon (3/15)

Altars:
Gozag
Hepliaklqana
Ru

Annotations:
D:6 Maggie


Innate Abilities, Weirdness & Mutations

You are hated by all.


Message History

As you open the door, it creaks loudly!
Found a fizzy pink potion.
There is an open door here.
Found a stone staircase leading down.
u - a fizzy pink potion
Found a potion of mutation and 23 stones.
j - 2 potions of mutation (gained 1)
A crimson imp comes into view.
The crimson imp shouts!
You miss the crimson imp.
The crimson imp shouts, "Scamper home, thou obnoxious weeb-spouting fustilarian!"
The crimson imp hits you.
You barely miss the crimson imp.
The crimson imp blinks!
Maggie the Vainglorious comes into view.
She is wielding a +2 halberd of flaming.
Maggie hits you from afar with a +2 halberd of flaming!
Maggie burns you. Maggie barely misses you.
You barely miss Maggie.
Maggie says, "If you die in the Dungeon, but nobody's around to see it, does it really matter?"
Maggie hits you with a +2 halberd of flaming.
* * * LOW HITPOINT WARNING * * *
Maggie burns you.
* * * LOW HITPOINT WARNING * * *
Aim: Maggie, wielding a +2 halberd of flaming and wearing +2 steam dragon scales The puff of frost hits Maggie!
Maggie misses you.
You hit Maggie.
You redirect the crimson imp's attack!
Maggie misses you.
You hit Maggie.
Maggie's magic leaks into the air.
Maggie begins to cast a spell, but is stunned by your will!
The crimson imp picks up a beetle and eats it.
The crimson imp hits you.
* * * LOW HITPOINT WARNING * * *
You closely miss Maggie.
Maggie mumbles some strange words.
Maggie attempts to bespell you!
You are mesmerised by Maggie!
The crimson imp hits you but does no damage.
You closely miss Maggie.
Maggie hits you with a +2 halberd of flaming!
* * * LOW HITPOINT WARNING * * *
Maggie burns you.
* * * LOW HITPOINT WARNING * * *
The crimson imp is stunned by your will and fails to attack.
The crimson imp barely misses you.
You feel yourself speed up. Maggie casts a spell at you.
The bolt of fire hits you!!
Ouch! That really hurt!
You die...

### #...# #.#.#
#.#.# #.#.#
#.#.#######..#
#.#...5@@....#
#.#..#####.....
. # #.....# ...
#.#.###...# .
#.(.......#
####...5#.#
#........#.###
#.####.......#
#.#.#.#.#


You could see Maggie (mesmerising) and a crimson imp.

Vanquished Creatures
  Crazy Yiuf (D:2)
  3 adders (D:2)
  An ooze (D:2)
  An adder zombie (D:3)
  A leopard gecko (D:1)
  An orc (D:3)
  A ball python (D:3)
  4 bats
  3 hobgoblins
  6 jackals (D:2)
  4 kobolds
  4 frilled lizards
  5 goblins
  5 rats
40 creatures vanquished.

Notes
Turn   | Place    | Note
-------+----------+-------------------------------------------
     0 | D:1      | vurker the Human Artificer began the quest for the Orb.
     0 | D:1      | Reached XP level 1. HP: 15/15 MP: 3/3
   306 | D:1      | Reached XP level 2. HP: 16/21 MP: 4/4
  1049 | D:2      | Found an opulent altar of Gozag.
  1054 | D:2      | Found a sacrificial altar of Ru.
  1059 | D:2      | Found a hazy altar of Hepliaklqana.
  1064 | D:2      | Became a worshipper of Ru the Awakened
  1191 | D:2      | Reached skill level 1 in Armour
  1191 | D:2      | Reached XP level 3. HP: 24/26 MP: 5/5
  1532 | D:2      | Reached XP level 4. HP: 23/32 MP: 6/6
  2378 | D:2      | Found a runed translucent door.
  2379 | D:2      | Noticed Crazy Yiuf
  2385 | D:2      | Killed Crazy Yiuf
  2522 | D:3      | Reached XP level 5. HP: 38/38 MP: 7/7
  2643 | D:3      | Gained mutation: You are hated by all. [Ru sacrifice]
  2643 | D:3      | Reached * piety under Ru
  2814 | D:3      | You fall into a shaft and drop 3 floors!
  2851 | D:6      | Noticed Maggie
  2861 | D:6      | Killed from afar by Maggie

Illustrated notes

Levels and vault maps discovered:
D:1:      lightli_arrival_boilingwater, layout_basic, serial_corexii_hall,
          corexii_hall_statues_i, corexii_hall_statues_s
D:2:      layout_loops_corners, minmay_overflow_temple_star_quad, first_ration,
          wander_ebering_terrifying_dragon_lair, uniq_crazy_yiuf_cottage
D:3:      layout_loops_corners, serial_bayou_pond_d
D:6:      layout_basic, kennysheep_okawaru_gauntlet, kennysheep_little_box,
          kiku_gazebo_pond_becter, uniq_maggie, uniq_prince_ribbit1,
          uniq_blork_the_orc

Skill      XL: |  1  2  3  4  5 |
---------------+----------------+-----
Armour         | 1 |  1.6
Dodging        | 3 |  3.1
Fighting       | 2 |  2.0
Short Blades   | |  1.0
Stealth        | |  1.0
Evocations     | |  3.9

Action                   |  1- 3 |  4- 6 || total
-------------------------+-------+-------++-------
Melee: Short sword       |    55 |    64 ||   119
       Hand axe          |    16 |       ||    16
       Quarterstaff      |       |    31 ||    31
Invok: Sacrifice Love    |       |     1 ||     1
Evoke: Wand              |     3 |     2 ||     5
  Use: Scroll            |     4 |     4 ||     8
       Potion            |       |     1 ||     1
 Stab: Sleeping          |     1 |     1 ||     2
  Eat: Chunk             |     2 |     4 ||     6
Armor: Leather armour    |    25 |    15 ||    40
Dodge: Dodged            |    68 |    73 ||   141

Table legend:
 A = Non-vault XP
 B = Vault XP
 C = Vault XP percentage of total XP
 D = Non-vault monster count
 E = Vault monster count
 F = Vault count percentage of total count
                 A         B        C        D         E       F
            +---------+---------+-------+---------+---------+-------
      Total |     110 |      45 |  29.0 |      38 |       2 |   5.0
            +---------+---------+-------+---------+---------+-------
        D:1 |      19 |       0 |   0.0 |      11 |       0 |   0.0
        D:2 |      74 |      45 |  37.8 |      20 |       2 |   9.1
        D:3 |      17 |       0 |   0.0 |       7 |       0 |   0.0
            +---------+---------+-------+---------+---------+-------
